 Dungeon Crawl Stone Soup version 0.32-a0-953-g508020473e (webtiles) character file.

Game seed: 2655718157003418939

3961 Shayle the Fighter (level 10, -7/83 HPs)
             Began as a Coglin Alchemist on Apr 16, 2024.
             Was a Believer of Uskayaw.
             Mangled by a centaur warrior
             ... wielding a +3 broad axe of freezing
              (9 damage)
             ... on level 8 of the Dungeon.
             The game lasted 00:38:16 (8595 turns).

Shayle the Fighter (Coglin Alchemist)               Turns: 8595, Time: 00:38:17

Health: -7/83      AC:  9    Str: 11    XL:     10   Next: 22%
Magic:  12/13      EV: 10    Int: 15    God:    Uskayaw [**....]
Gold:   299        SH:  0    Dex: 16    Spells: 8/12 levels left

rFire   . . .        E - +3 trident (drain) {Ingiyab}
rCold   . . .        y - +2 hand axe (freeze) {Jingyi}
rNeg    . . .        B - +1 leather armour of Ru's Righteous Fury {Rampage Will- rCorr}
rPois   .            s - +1 helmet {SInv}
rElec   .            d - +1 cloak
rCorr   +            u - +0 pair of gloves
SInv    +            (no boots)
Will    .....        (amulet unavailable)
Stlth   ++++         (ring unavailable)
HPRegen 0.33/turn    (ring unavailable)
MPRegen 0.13/turn    (no gizmo)

%: rampage
@: lethally poisoned (-7 -> -12), about to teleport, revved
A: off-hand wielding, slow wielding, warmup strikes, no jewellery
a: Invent Gizmo, Renounce Religion, Stomp, Line Pass


You were on level 8 of the Dungeon.
You worshipped Uskayaw.
Uskayaw was noncommittal.
You visited 2 branches of the dungeon, and saw 9 of its levels.

You collected 299 gold pieces.

Inventory:

Hand Weapons
 g - a +0 dagger {Fubuki}
 h - a +3 spectral club {Septima}
 i - a +0 dagger {Tejnoor}
 m - a +0 spear {Wira}
 x - a +2 short sword
 y - a +2 hand axe of freezing (offhand) {Jingyi}
 D - a +0 rapier of holy wrath
 E - a +3 trident of draining (weapon) {Ingiyab}
Missiles
 c - 5 javelins (quivered)
Armour
 d - a +1 cloak (worn)
 r - a +2 leather armour of willpower
 s - a +1 helmet of see invisible (worn)
 u - a +0 pair of gloves (worn)
 B - the +1 leather armour of Ru's Righteous Fury (worn) {Rampage Will- rCorr}
   (You found it on level 6 of the Dungeon)

   Will-:     It decreases your willpower.
   rCorr:     It protects you from acid and corrosion.
   Rampage:   It bestows one free step when moving towards enemies.
Wands
 b - a wand of charming (1)
 o - a wand of flame (36)
 A - a wand of mindburst (6)
 C - a wand of quicksilver (3)
Scrolls
 v - a scroll of amnesia
 z - a scroll of vulnerability
Potions
 a - a potion of attraction {unknown}
 e - a potion of mutation {unknown}
 f - 2 potions of degeneration
 k - a potion of enlightenment
 l - a potion of heal wounds {unknown}
 n - a potion of cancellation
 p - a potion of resistance
 q - 2 potions of haste


   Skills:
 + Level 9.2 Fighting
 - Level 1.7 Dodging
 + Level 8.5 Stealth
 - Level 1.7 Spellcasting
 - Level 0.8 Conjurations
 - Level 3.2 Alchemy
 + Level 5.2 Invocations


You had 8 spell levels left.
You knew the following spells:

 Your Spells              Type           Power      Damage    Failure   Level
a - Sting                 Conj/Alch      28%        1d4       13%         1
b - Mephitic Cloud        Conj/Alch/Air  5%         N/A       45%         3

Your spell library contained the following spells:

 Spells                   Type           Power      Damage    Failure   Level
 Mercury Vapours          Alch/Air       12%        N/A       22%         2
 Lesser Beckoning         Tloc           2%         N/A       41%         2
 Olgreb's Toxic Radiance  Alch           11%        N/A       61%         4
 Sticky Flame             Fire/Alch      6%         2d4       83%         4
 Summon Forest            Summ/Tloc      0%         N/A       100%        5
 Gell's Gavotte           Tloc           0%         2d(11-16) 100%        6
 Plasma Beam              Fire/Air       0%         2x1d10    100%        6
 Malign Gateway           Summ/Tloc      0%         N/A       100%        7
 Summon Horrible Things   Summ           0%         N/A       100%        8


Dungeon Overview and Level Annotations

Branches:
Dungeon (8/15)             Temple (1/1) D:6
   Lair: D:8-11

Altars:
Ashenzari
Cheibriados
Dithmenos
Elyvilon
Fedhas
Gozag
Hepliaklqana
Kikubaaqudgha
Makhleb
Nemelex Xobeh
Okawaru
Qazlal
Trog
Uskayaw
Vehumet
Wu Jian
Xom
Yredelemnul
Zin
The Shining One
Ignis

Shops:
D:4 [


Innate Abilities, Weirdness & Mutations

You can wield a second weapon in your off-hand.
It takes a long time for you to wield or remove held weapons.
Your first few attacks do less damage.
You cannot equip rings or amulets.


Message History

Your orc dies!
Your orc's corpse dissolves into shadows!
Something hits the plant.
The sky beast misses you.
You can now pass through a line of other dancers.
Unknown command.
Okay, then.
You hit the killer bee with your +2 hand axe of freezing.
You freeze the killer bee.
The killer bee is almost dead.
You hit the sky beast with your +2 hand axe of freezing.
You freeze the sky beast.
You hit the orc with your +2 hand axe of freezing.
You freeze the orc.
You hit the wyvern with your +2 hand axe of freezing.
You freeze the wyvern.
You miss the killer bee with your +3 trident of draining.
* * * LOW HITPOINT WARNING * * *
You feel very sick.
A nearby plant withers and dies.
The killer bee closely misses you. x2
The wyvern bites you.
* * * LOW HITPOINT WARNING * * *
The orc barely misses you.
The killer bee stings you but does no damage.
The sky beast closely misses you.
Unknown command.
Unknown command.
You closely miss the centaur warrior with your +3 trident of draining.
You hit the centaur warrior but do no damage.
You closely miss the sky beast with your +2 hand axe of freezing.
You barely miss the killer bee with your +2 hand axe of freezing.
You closely miss the orc with your +2 hand axe of freezing.
* * * LOW HITPOINT WARNING * * *
You feel sick. The killer bee barely misses you.
The killer bee stings you but does no damage.
The orc misses you.
The bullfrog swells and bulges.
The sky beast misses you.
The centaur warrior hits you with a +3 broad axe of freezing!
You die...
Your body falls in perfect tune with the rhythm.

############# ##
.♣.#.♣.♣.♣♣.♣♣.♣
♣..♣♣.♣.♣.♣.♣.♣
.....♣.♣.♣...♣
♣..♣♣.♣.♣.♣†♣.♣
.♣.#.♣.♣.♣♣J♣ y♣
##########♣.♣ #
♣g♣♣♣♣♣♣♣
.♣F.oy@§♣
.###.oFcY♣ .z
#.yky§♣ ..
#o.§..♣ ...
..Qo...♣ .##
...F###.♣ ...~..
♣5 #..... ♣#
.....F


You could see a centaur warrior, a hornet, a wyvern, a sky beast (invisible), a
bullfrog, 2 killer bees, an orc priest and an orc.

Vanquished Creatures
  2 two-headed ogres (D:8)
  Maggie (D:7)
  Jeremiah (D:7)
  Menkaure (D:7)
  3 water moccasins
  A sky beast (D:6)
  2 black bears
  2 ogres
  A kobold brigand (D:8)
  A bullfrog (D:7)
  4 scorpions
  4 wights
  A killer bee (D:8)
  2 bombardier beetles (D:6)
  3 hounds (D:5)
  A gnoll bouda (D:8)
  An orc priest (D:3)
  Ijyb (D:3)
  6 iguanas
  2 orc wizards
  6 adders
  4 gnolls
  3 shadow imps (D:6)
  2 white imps
  2 ufetubi (D:7)
  3 dart slugs
  A ribbon worm (D:3)
  12 orcs
  5 ball pythons
  3 endoplasms
  2 giant cockroaches (D:1)
  6 hobgoblins
  A quokka (D:5)
  4 bats
  4 frilled lizards
  15 goblins
  7 kobolds
  6 rats
126 creatures vanquished.

Vanquished Creatures (collateral kills)
  A killer bee (D:5)
  2 gnolls (D:6)
  A shadow imp (D:8)
  3 goblins (D:3)
7 creatures vanquished.

Vanquished Creatures (others)
  Robin (D:3)
1 creature vanquished.

Grand Total: 134 creatures vanquished

Notes
Turn   | Place    | Note
-------+----------+-------------------------------------------
     0 | D:1      | Shayle the Coglin Alchemist began the quest for the Orb.
     0 | D:1      | Reached XP level 1. HP: 13/13 MP: 3/3
   308 | D:1      | Reached skill level 1 in Fighting
   308 | D:1      | Reached XP level 2. HP: 21/21 MP: 0/4
   999 | D:2      | Reached XP level 3. HP: 24/27 MP: 1/5
  1345 | D:2      | Found a hazy altar of Hepliaklqana.
  1571 | D:2      | Reached skill level 2 in Fighting
  1679 | D:3      | Noticed Ijyb
  1685 | D:3      | Learned a level 3 spell: Mephitic Cloud
  1718 | D:3      | Killed Ijyb
  1719 | D:3      | Reached XP level 4. HP: 13/34 MP: 2/6
  1897 | D:3      | Noticed Robin
  2109 | D:3      | Found a hide-covered altar of Uskayaw.
  2280 | D:3      | Reached skill level 3 in Fighting
  2284 | D:3      | Reached XP level 5. HP: 38/41 MP: 4/7
  2294 | D:3      | Your ally Robin died
  3076 | D:4      | Reached XP level 6. HP: 37/48 MP: 6/8
  3194 | D:4      | Reached skill level 4 in Fighting
  3516 | D:4      | Found a blossoming altar of Fedhas.
  3564 | D:4      | Found Ygemejom's Antique Armour Boutique.
  3597 | D:4      | Found a shadowy altar of Dithmenos.
  3701 | D:5      | Entered Level 5 of the Dungeon
  3714 | D:5      | Reached XP level 7. HP: 35/55 MP: 6/9
  3931 | D:5      | Reached skill level 5 in Fighting
  3931 | D:5      | Reached skill level 5 in Stealth
  4174 | D:5      | Got the Folio of the Torch and Subspace
  4564 | D:5      | Found a stormy altar of Qazlal.
  4644 | D:6      | Found a staircase to the Ecumenical Temple.
  5177 | D:6      | Reached skill level 6 in Fighting
  5177 | D:6      | Reached XP level 8. HP: 61/64 MP: 10/10
  5267 | D:6      | Found a shimmering altar of Xom.
  5302 | Temple   | Entered the Ecumenical Temple
  5527 | D:3      | Became a worshipper of Uskayaw the Reveller
  5707 | D:6      | Reached * piety under Uskayaw
  5711 | D:6      | Reached ** piety under Uskayaw
  5761 | D:5      | Reached skill level 1 in Invocations
  5972 | D:6      | Found a burning altar of Makhleb.
  5973 | D:6      | Found an ancient bone altar of Kikubaaqudgha.
  5984 | D:6      | Found an iron altar of Okawaru.
  6312 | D:6      | Reached skill level 7 in Fighting
  6357 | D:6      | Identified the +1 leather armour of Ru's Righteous Fury
                  | {Rampage Will- rCorr}
  6559 | D:7      | Reached XP level 9. HP: 26/72 MP: 4/11
  6964 | D:7      | Noticed Menkaure
  6976 | D:7      | Killed Menkaure
  7025 | D:7      | Noticed Maggie
  7043 | D:7      | HP: 1/73 [Maggie/+0 long sword (5)]
  7045 | D:7      | Reached *** piety under Uskayaw
  7046 | D:7      | Killed Maggie
  7047 | D:7      | Reached skill level 8 in Fighting
  7413 | D:7      | Noticed Jeremiah
  7769 | D:7      | Killed Jeremiah
  8482 | D:8      | Noticed a two-headed ogre
  8484 | D:8      | Noticed a two-headed ogre
  8487 | D:8      | Killed a two-headed ogre
  8491 | D:8      | Reached **** piety under Uskayaw
  8492 | D:8      | Killed a two-headed ogre
  8493 | D:8      | Reached skill level 9 in Fighting
  8493 | D:8      | Reached skill level 5 in Invocations
  8493 | D:8      | Reached XP level 10. HP: 80/83 MP: 10/13
  8496 | D:8      | Reached ***** piety under Uskayaw
  8587 | D:8      | Noticed a centaur warrior
  8587 | D:8      | Noticed a tengu warrior
  8594 | D:8      | HP: 4/83 [wyvern (4)]
  8595 | D:8      | Mangled by a centaur warrior

Illustrated notes

Levels and vault maps discovered:
D:1:      dpeg_arrival_lava_temple_mockup, layout_basic, minmay_pentomino_p2
D:2:      layout_basic, basic_altar
D:3:      layout_loops_ring, mainiacjoe_overflow_cross_hatched,
          kennysheep_generic_room_13, uniq_ijyb, uniq_robin
D:4:      layout_basic, nicolae_overflow_crystal_walls, lemuel_crystal_altar,
          serial_shops, shop
D:5:      layout_cave_pools, grunt_qazlal_sundering
D:6:      layout_rooms, overflow_temple_1_default, minitemple,
          minmay_temple_entry_grid
D:7:      layout_basic, uniq_maggie, uniq_menkaure, uniq_jeremiah
D:8:      nzn_winding_woodlands_large [nzn_winding_woodlands_5x5_three,
          nzn_winding_woodlands_5x15_parted, nzn_winding_woodlands_5x5_cross,
          nzn_winding_woodlands_center_pierced_h,
          nzn_winding_woodlands_15x15_five_gardens,
          nzn_winding_woodlands_center_garden, nzn_winding_woodlands_hourglass,
          nzn_winding_woodlands_5x15_split_checker,
          nzn_winding_woodlands_5x5_open_star], layout_loops_corners,
          david_lair_shrubbed, serial_shops, nicolae_shop_waterfront
Temple:   ebering_untended_altars

Skill      XL: |  1  2  3  4  5  6  7  8  9 |
---------------+----------------------------+-----
Fighting       | 1 2 3 4 6 7 9 |  9.2
Stealth        | 2 3 4 5 6 8 |  8.5
Invocations    | 2 5 |  5.2
Dodging        | |  1.7
Spellcasting   | |  1.7
Conjurations   | |  0.8
Alchemy        | |  3.2

Action                     |  1- 3 |  4- 6 |  7- 9 | 10-12 || total
---------------------------+-------+-------+-------+-------++-------
  Melee: Unarmed           |     4 |       |       |       ||     4
         Dagger            |    34 |    43 |       |       ||    77
         Spear             |    25 |   114 |   214 |       ||   353
         Club              |       |    68 |   120 |       ||   188
         Hand axe          |       |       |   111 |    14 ||   125
         Trident           |       |       |    14 |    16 ||    30
  Throw: Javelin           |     4 |       |       |       ||     4
   Cast: Sting             |    44 |     6 |       |       ||    50
         Mephitic Cloud    |     1 |     2 |     1 |       ||     4
 Invoke: Line Pass         |       |       |     8 |       ||     8
         Stomp             |       |       |     4 |     1 ||     5
  Evoke: Wand              |       |     1 |    10 |       ||    11
    Use: Potion            |     5 |       |     1 |       ||     6
         Scroll            |       |     5 |    10 |     4 ||    19
   Stab: Confused          |     1 |     1 |     6 |       ||     8
         Sleeping          |       |     2 |     8 |       ||    10
         Distracted        |       |     1 |     3 |     1 ||     5
         Paralysed         |       |       |     5 |       ||     5
 Armour: Robe              |    13 |    25 |       |       ||    38
         Skin              |    21 |       |       |       ||    21
         Leather armour    |       |    56 |   183 |    38 ||   277
  Dodge: Dodged            |    19 |    70 |   170 |    30 ||   289

Table legend: (Time is in decaauts)
 A = Elapsed time spent in this place.
 B = Non-inter-level travel time spent in this place.
 C = Inter-level travel time spent in this place.
 D = Time resting spent in this place.
 E = Time spent auto-exploring this place.
 F = Levels seen in this place.
 G = Mean time per level.
                   A        B        C        D        E       F      G
               +--------+--------+--------+--------+--------+-----+--------+
         Total |   8673 |   8263 |    410 |   1961 |   4247 |   9 |  963.7 |
       Dungeon |   8507 |   8098 |    409 |   1797 |   4247 |   8 | 1063.4 |
        Temple |    165 |    164 |      1 |    164 |      0 |   1 |  165.0 |
               +--------+--------+--------+--------+--------+-----+--------+

Top non-repeatable levels by time:
     D:7: 1882 daAuts
     D:5: 1476 daAuts
     D:3: 1430 daAuts
     D:6: 1199 daAuts
     D:2: 833 daAuts
     D:1: 824 daAuts
     D:4: 706 daAuts
  Temple: 165 daAuts
     D:8: 155 daAuts
